 Dungeon Crawl Stone Soup version 0.17-a0-737-gf0a300a (webtiles) character file.

11318 Charly the Frost Mage (level 11, -18/54 HPs)
             Began as a Deep Elf Ice Elementalist on Apr 27, 2015.
             Was a Follower of Kikubaaqudgha.
             Hit by a large rock thrown by a cyclops (34 damage)
             ... on level 12 of the Dungeon.
             The game lasted 01:48:00 (20666 turns).

Charly the Frost Mage (Deep Elf Ice Elementalist)  Turns: 20666, Time: 01:48:04

Health: -18/54     AC:  8    Str:  5    XL:     11   Next: 47%
Magic:  9/20       EV: 13    Int: 24    God:    Kikubaaqudgha [*.....]
Gold:   707        SH:  0    Dex: 15    Spells: 6 memorised, 2 levels left

rFire  + . .     SeeInvis .     b - +8 falchion of Grace {freeze, rC- rN+ MR++}
rCold  . . .     Clarity  .     L - +0 robe {rC+}
rNeg   + . .     SustAb   .     (no shield)
rPois  .         Gourm    .     (no helmet)
rElec  .         Spirit   .     d - +0 cloak
rCorr  .         Warding  .     (no gloves)
rMut   .         Stasis   .     (no boots)
MR     +++..                    (no amulet)
Stlth  ++........               Q - +5 ring of protection
                                q - ring of wizardry

@: extremely resistant to hostile enchantments, unstealthy
A: hooves 1, fire resistance 1
a: Receive Corpses, Renounce Religion


You were on level 12 of the Dungeon.
You worshipped Kikubaaqudgha.
Kikubaaqudgha was aware of your devotion.
You were near starving.

You visited 2 branches of the dungeon, and saw 13 of its levels.
You also visited: Sewer.

You collected 707 gold pieces.

Inventory:

Hand weapons
 a - a +1 blowgun
 b - the +8 falchion of Grace (weapon) {freeze, rC- rN+ MR++}
   (You found it on level 6 of the Dungeon)

   It has been specially enchanted to freeze those struck by it, causing extra
   injury to most foes and up to half again as much damage against particularly
   susceptible opponents.
   It can also slow down cold-blooded creatures.
   It makes you vulnerable to cold.
   It protects you from negative energy.
   It affects your resistance to hostile enchantments.
Missiles
 i - 90 stones (quivered)
 n - 38 poisoned needles
 V - 3 curare-tipped needles
Armour
 d - a +0 cloak (worn)
 L - a +0 robe of cold resistance (worn)
Magical staves
 O - an uncursed staff of energy
Jewellery
 q - a ring of wizardry (left hand)
 v - an uncursed ring of protection from fire
 Q - a +5 ring of protection (right hand)
Magical devices
 k - a wand of fire (9)
 y - a wand of flame (14)
 E - a wand of digging (7)
 W - a wand of enslavement (15)
 X - a wand of polymorph (13)
Scrolls
 h - a scroll of enchant weapon
 j - 5 scrolls of teleportation
 l - 2 scrolls of immolation
 r - a scroll of summoning {unknown}
 s - 4 scrolls of remove curse
 u - a scroll of blinking {unknown}
 G - a scroll of recharging
 H - a scroll of fear {unknown}
 I - 5 scrolls of fog
 M - 2 scrolls of noise {unknown}
 R - 2 scrolls of enchant armour {unknown}
 U - a scroll of vulnerability {unknown}
Potions
 f - 3 potions of cancellation
 g - 5 potions of haste
 p - 9 potions of curing
 w - 8 potions of heal wounds
 C - 2 potions of might
 J - a potion of magic {unknown}
 K - 3 potions of brilliance
 P - a potion of ambrosia {unknown}
 S - a potion of restore abilities {unknown}
Books
 x - a book of Control

   Spells                             Type                      Level
   a - Control Teleport               Charms/Translocation         4
   b - Control Undead                 Necromancy                   4
   c - Metabolic Englaciation         Hexes/Ice                    5
   d - Mass Confusion                 Hexes                        6
 z - a book of Unlife

   Spells                             Type                      Level
   a - Recall                         Summoning/Translocation      3
   b - Animate Dead                   Necromancy                   4
   c - Control Undead                 Necromancy                   4
   d - Cigotuvi's Embrace             Necromancy                   5
   e - Death Channel                  Necromancy                   6
   f - Simulacrum                     Ice/Necromancy               6
 A - Kikubaaqudgha's Incunabulum of Evil
   (Kikubaaqudgha gifted it to you on level 11 of the Dungeon)

   Spells                             Type                      Level
   a - Pain                           Necromancy                   1
   b - Corpse Rot                     Necromancy                   2
   c - Sublimation of Blood           Necromancy                   2
   d - Regeneration                   Charms/Necromancy            3
   e - Control Undead                 Necromancy                   4
 N - a Young Poisoner's Handbook

   Spells                             Type                      Level
   a - Sting                          Conjuration/Poison           1
   b - Cure Poison                    Poison                       2
   c - Mephitic Cloud                 Conjuration/Poison/Air       3
   d - Olgreb's Toxic Radiance        Poison                       4
   e - Venom Bolt                     Conjuration/Poison           5
Miscellaneous
 e - a lamp of fire
Comestibles
 c - 6 bread rations
 m - a beef jerky
 t - 5 meat rations
 T - 4 royal jellies


   Skills:
 - Level 2.4 Dodging
 - Level 2.4 Stealth
 - Level 5.1 Spellcasting
 + Level 13.1 Conjurations
 + Level 3.4 Necromancy
 + Level 13.7 Ice Magic


You had 2 spell levels left.
You knew the following spells:

 Your Spells              Type           Power        Failure   Level  Hunger
a - Ozocubu's Armour      Chrm/Ice       #####...     1%          3    ##.....
b - Summon Ice Beast      Ice/Summ       #####...     2%          4    ####...
e - Control Undead        Necr           ###.......   10%         4    ####...
f - Freeze                Ice            ####         1%          1    None
i - Throw Icicle          Conj/Ice       ######..     1%          4    ####...
F - Throw Frost           Conj/Ice       ######       1%          2    None


Dungeon Overview and Level Annotations

Branches:
Dungeon (12/15)            Temple (1/1) D:6            Lair (0/8) D:8
    Orc: D:9-12

Altars:
Ashenzari
Cheibriados
Dithmenos
Elyvilon
Fedhas
Gozag
Kikubaaqudgha
Makhleb
Nemelex Xobeh
Okawaru
Qazlal
Ru
Sif Muna
Trog
Vehumet
Xom
Yredelemnul
Zin
The Shining One

Shops:
D:6 *

Annotations:
D:4 1 exclusion
D:10 Josephine


Innate Abilities, Weirdness & Mutations

You have large cloven feet.
Your flesh is heat resistant.


Message History

You throw a stone. The stone hits the orc.
The orc is moderately wounded.
What do you say? t - Shout!
Orders for allies: a - Attack new target. p - Attack previous target. r - Retreat! s - Stop attacking. w - Wait here. f - Follow me.
Anything else - Stay silent.
Gang up on whom?
Press: ? - help, Dir - move target cursor, f - cyclops, p - orc
Aim: a cyclops Attack!
You hear a shout! x5
You hear an angry buzzing noise.
The cyclops throws a large rock.
The large rock closely misses your ice beast.
The large rock hits you!!
Ouch! That really hurt!
You die...
Kikubaaqudgha rasps: "You have failed me!
Welcome... death!"

### #(#####
#.C.YC# #Y###(#
#.# #.#
##########.###.###
#.....Y..C.#..†...
#@##########.#o###
.........# #.#.###
........# #.#(#..
........# #..§...
..!.o...# #......
......## #......
o.... #..u... o...
#.#.... o #.#....


You could see a cyclops, an orc priest, 3 orcs and a friendly ice beast.

Vanquished Creatures
  The ghost of Ngotmuk the Fighter, an experienced DDFi of Ru (D:9)
  2 hill giants
  An ugly thing (D:12)
  Joseph (D:9)
  2 centaur skeletons (D:11)
  A two-headed ogre (D:11)
  3 trolls
  3 wandering mushrooms (D:8)
  A trapdoor spider zombie (D:11)
  2 wraiths
  4 yaks (D:11)
  A deep elf mage (D:11)
  2 wyverns (D:11)
  2 hungry ghosts
  A mottled dragon (D:11)
  3 orc warriors
  Purgy (D:4)
  2 sky beasts
  2 ice beasts
  3 black bears
  A wasp (D:11)
  3 centaurs
  2 necrophages (D:10)
  8 ogres
  4 giant frogs
  A brain worm (D:11)
  3 big kobolds
  3 scorpions
  13 wights
  5 orc priests
  A quasit (D:11)
  4 crimson imps
  A giant frog skeleton (D:5)
  3 iguanas
  3 jellies
  2 hounds
  Ijyb (D:3)
  9 orc wizards
  10 worker ants
  Terence (D:3)
  2 gnoll shamans
  Natasha (thrice) (D:3)
  A killer bee zombie (D:10)
  A worker ant zombie (D:6)
  17 gnolls
  17 adders
  7 river rats (Sewer)
  6 shadow imps
  6 oozes
  6 worms
  5 giant geckos
  46 orcs
  15 ball pythons
  15 bats
  A bat skeleton (D:4)
  6 giant cockroaches
  7 goblins
  15 hobgoblins
  19 jackals
  29 kobolds
  6 quokkas
  7 giant newts
  A giant spore (D:8)
  A quokka skeleton (D:9)
  A quokka zombie (D:5)
  31 rats
387 creatures vanquished.

Vanquished Creatures (collateral kills)
  3 wights
  2 jellies (D:8)
  A hound zombie (D:11)
6 creatures vanquished.

Vanquished Creatures (others)
  4 ice beasts
  A ballistomycete (D:12)
  A fungus (D:8)
6 creatures vanquished.

Grand Total: 399 creatures vanquished

Notes
Turn   | Place    | Note
--------------------------------------------------------------
     0 | D:1      | Charly, the Deep Elf Ice Elementalist, began the quest for the Orb.
     0 | D:1      | Reached XP level 1. HP: 10/10 MP: 6/6
   174 | D:1      | Reached XP level 2. HP: 15/15 MP: 5/8
   191 | D:1      | Reached skill level 4 in Ice Magic
   197 | D:1      | Learned a level 2 spell: Throw Frost
   546 | D:2      | Found an iron altar of Okawaru.
   650 | D:2      | Reached XP level 3. HP: 10/19 MP: 3/9
  1164 | D:2      | Reached XP level 4. HP: 17/24 MP: 4/10
  1364 | D:2      | Found a shattered altar of Ashenzari.
  1512 | D:2      | Learned a level 4 spell: Throw Icicle
  1544 | D:2      | Reached skill level 5 in Ice Magic
  1791 | D:2      | Found a sparkling altar of Nemelex Xobeh.
  1791 | D:2      | Found an opulent altar of Gozag.
  2176 | D:3      | Noticed Natasha
  2179 | D:3      | Killed Natasha
  2297 | D:3      | Reached XP level 5. HP: 28/28 MP: 5/11
  2402 | D:3      | Noticed Ijyb
  2650 | D:3      | Noticed Terence
  2654 | D:3      | Killed Terence
  2900 | D:3      | Killed Ijyb
  2913 | D:3      | Reached XP level 6. HP: 30/32 MP: 7/12
  3038 | D:3      | Reached skill level 6 in Ice Magic
  3344 | D:3      | Noticed Natasha
  3347 | D:3      | Killed Natasha
  3706 | D:3      | Noticed Natasha
  3707 | D:3      | Killed Natasha
  3932 | D:4      | Gained mutation: Your system is resistant to poisons. [potion of mutation]
  3932 | D:4      | Gained mutation: You possess an exceptional clarity of mind. [potion of mutation]
  3932 | D:4      | Gained mutation: You are agile. (Dex +2) [potion of mutation]
  3964 | D:4      | Reached skill level 5 in Conjurations
  4125 | D:4      | Noticed Purgy
  4150 | D:4      | Learned a level 3 spell: Ozocubu's Armour
  4649 | D:4      | Reached XP level 7. HP: 36/36 MP: 4/14
  4768 | D:4      | Found a snail-covered altar of Cheibriados.
  4769 | D:4      | Found a sacrificial altar of Ru.
  4893 | D:4      | Killed Purgy
  5067 | D:4      | Reached skill level 7 in Ice Magic
  5812 | D:4      | Noticed a moth of wrath
  5814 | D:4      | Found a bloodstained altar of Trog.
  6052 | D:5      | Entered Level 5 of the Dungeon
  6057 | D:5      | Reached skill level 5 in Spellcasting
  6112 | D:5      | Learned a level 4 spell: Summon Ice Beast
  6429 | D:5      | Reached XP level 8. HP: 41/41 MP: 4/17
  7815 | D:6      | Reached skill level 8 in Ice Magic
  7849 | D:6      | Found a staircase to the Ecumenical Temple.
  7857 | Temple   | Entered the Ecumenical Temple
  8246 | D:6      | Found a burning altar of Makhleb.
  8258 | D:6      | Found Gozag's Platinum Reserve.
  8312 | D:6      | Found an opulent altar of Gozag.
  8409 | D:6      | Found a glowing drain.
  8432 | Sewer    | Entered a sewer
  9480 | Sewer    | Reached skill level 9 in Ice Magic
 10399 | D:6      | Got a shimmering falchion
 10400 | D:6      | Identified the +8 falchion of Grace {freeze, rC- rN+ MR++} (You found it on level 6 of the Dungeon)
 10430 | D:6      | Reached XP level 9. HP: 45/45 MP: 5/18
 11530 | D:7      | Found a shimmering altar of Xom.
 11531 | D:7      | Found a shimmering altar of Xom.
 11548 | D:7      | Found a shimmering altar of Xom.
 11548 | D:7      | Found a shimmering altar of Xom.
 11552 | D:7      | Found a shimmering altar of Xom.
 11845 | D:7      | Reached skill level 10 in Ice Magic
 12860 | D:7      | Noticed a satyr
 12860 | D:7      | Noticed an ettin
 12860 | D:7      | a satyr changed into an ettin
 13053 | D:8      | Noticed a hill giant
 13059 | D:8      | Killed a hill giant
 13059 | D:8      | Reached skill level 10 in Conjurations
 13314 | D:8      | Reached skill level 11 in Ice Magic
 13998 | D:8      | Reached XP level 10. HP: 50/50 MP: 6/19
 14617 | D:8      | Found a staircase to the Lair.
 14987 | D:9      | Noticed Joseph
 15006 | D:9      | Killed Joseph
 15152 | D:9      | Reached skill level 12 in Ice Magic
 15292 | D:9      | Noticed Ngotmuk's ghost (experienced DDFi)
 15773 | D:9      | Killed Ngotmuk's ghost
 16280 | D:9      | Found a deep blue altar of Sif Muna.
 16283 | D:9      | Found an ancient bone altar of Kikubaaqudgha.
 16283 | D:9      | Found a radiant altar of Vehumet.
 16288 | D:9      | Identified Kikubaaqudgha's Grimoire of Evil Rites
 16290 | D:9      | Became a worshipper of Kikubaaqudgha
 16298 | D:9      | Identified Sif Muna's Tome of Transmigration
 16312 | D:9      | Identified Vehumet's Guide on Attacks (You found it on level 9 of the Dungeon)
 16575 | D:10     | Entered Level 10 of the Dungeon
 17396 | D:10     | Noticed Josephine
 17649 | D:11     | Reached skill level 13 in Ice Magic
 17886 | D:11     | Reached XP level 11. HP: 54/54 MP: 11/20
 18899 | D:11     | Learned a level 4 spell: Control Undead
 18921 | D:11     | Gained mutation: Your flesh is heat resistant. [potion of beneficial mutation]
 18928 | D:11     | Acquired Kikubaaqudgha's first power
 18928 | D:11     | Received a gift from Kikubaaqudgha
 18929 | D:11     | Identified Kikubaaqudgha's Incunabulum of Evil (Kikubaaqudgha gifted it to you on level 11 of the Dungeon)
 19019 | D:11     | Reached skill level 1 in Necromancy
 19162 | D:11     | Gained mutation: You are weak. (Str -2) [mutagenic meat]
 19552 | D:11     | Gained mutation: You tend to lose your temper in combat. [potion of mutation]
 19552 | D:11     | Gained mutation: You have large cloven feet. [potion of mutation]
 19801 | D:11     | Noticed a hill giant
 19812 | D:11     | Killed a hill giant
 19977 | D:11     | Lost mutation: Your system is resistant to poisons. [potion of cure mutation]
 19977 | D:11     | Lost mutation: You possess an exceptional clarity of mind. [potion of cure mutation]
 19977 | D:11     | Lost mutation: You tend to lose your temper in combat. [potion of cure mutation]
 19977 | D:11     | Lost mutation: You are weak. (Str -2) [potion of cure mutation]
 19977 | D:11     | Lost mutation: You are agile. (Dex +2) [potion of cure mutation]
 20666 | D:12     | Hit by a large rock thrown by a cyclops

Action                   |  1- 3 |  4- 6 |  7- 9 | 10-12 || total
-------------------------+-------+-------+-------+-------++-------
Melee: Whip              |     1 |       |       |       ||     1
       Spear             |     1 |    18 |    73 |       ||    92
       Falchion          |       |       |    29 |    28 ||    57
 Fire: Blowgun           |       |       |       |    23 ||    23
Throw: Stone             |    12 |   142 |   196 |    46 ||   396
       Tomahawk          |       |     6 |    14 |       ||    20
 Cast: Freeze            |    33 |    87 |    76 |    21 ||   217
       Throw Frost       |    11 |    43 |   164 |   103 ||   321
       Throw Icicle      |       |     3 |    54 |   101 ||   158
       Summon Ice Beast  |       |       |     6 |     7 ||    13
       Ozocubu's Armour  |       |       |     3 |     1 ||     4
Evoke: Wand              |       |       |       |    10 ||    10
  Use: Scroll            |       |     3 |     4 |    13 ||    20
       Potion            |       |     1 |       |     3 ||     4
 Stab: Sleeping          |       |     1 |       |    11 ||    12
       Distracted        |       |       |     1 |       ||     1
  Eat: Chunk             |       |    13 |    33 |    20 ||    66
       Fruit             |       |       |     1 |     1 ||     2
       Pizza             |       |       |     1 |       ||     1
       Beef jerky        |       |       |     2 |     1 ||     3
       Royal jelly       |       |       |       |     6 ||     6
